 Dungeon Crawl Stone Soup version 0.20-a0-1009-gc986637 (webtiles) character file.

186 relicbr the Cudgeler (level 5, -2/38 HPs)
             Began as a Demonspawn Gladiator on Apr 14, 2017.
             Was an Initiate of Trog.
             Slain by an orc priest
             ... wielding a +0 club
              (3 damage)
             ... on level 3 of the Dungeon.
             The game lasted 00:06:08 (3257 turns).

relicbr the Cudgeler (Demonspawn Gladiator)         Turns: 3257, Time: 00:06:09

Health: -2/38      AC:  9    Str: 15    XL:     5   Next: 38%
Magic:  5/5        EV: 12    Int:  9    God:    Trog [......]
Gold:   149        SH:  0    Dex: 15    Spells: 4/4 levels left

rFire    . . .     SeeInvis .   a - +1 whip (flame)
rCold    . . .     Gourm    .   (no shield)
rNeg     . . .     Faith    .   m - +0 ring mail
rPois    .         Spirit   .   c - +0 helmet
rElec    .         Reflect  .   g - +0 cloak
rCorr    .         Harm     .   (no gloves)
MR       .....                  (no boots)
Stlth    +.........             (no amulet)
Regen    0.2/turn               (no ring)
MPRegen  0.1/turn               (no ring)

@: no status effects
A: claws 1, thin metallic scales 1, rot immunity
a: Burn Spellbooks, Renounce Religion


You were on level 3 of the Dungeon.
You worshipped Trog.
Trog was noncommittal.
You were hungry.

You visited 1 branch of the dungeon, and saw 3 of its levels.

You collected 149 gold pieces.

Inventory:

Hand Weapons
 a - a +1 whip of flaming (weapon)
 b - a +0 flail
Missiles
 d - 3 throwing nets
 s - 8 javelins (quivered)
Armour
 c - a +0 helmet (worn)
 g - a +0 cloak (worn)
 m - a +0 ring mail (worn)
Wands
 w - a wand of flame (33/48)
Scrolls
 e - a scroll of amnesia {unknown}
 h - a scroll of enchant weapon {unknown}
 i - a scroll of fear {unknown}
 k - a scroll of blinking {unknown}
 n - a scroll of teleportation {unknown}
 q - a scroll of identify
 r - a scroll of remove curse
 v - a scroll of enchant armour {unknown}
Potions
 l - a potion of agility {unknown}
 o - a potion of brilliance {unknown}
Comestibles
 f - 2 bread rations
 j - 2 fruits
 t - a meat ration
 u - a royal jelly


   Skills:
 - Level 2.0 Fighting
 * Level 5.6 Maces & Flails
 - Level 1.7 Throwing
 - Level 2.6 Dodging


You had 4 spell levels left.
You didn't know any spells.

Dungeon Overview and Level Annotations

Branches:
Dungeon (3/15)

Altars:
Ashenzari
Kikubaaqudgha
Trog
Zin


Innate Abilities, Weirdness & Mutations

You have sharp fingernails.
You are partially covered in thin metallic scales. (AC +2)
You are immune to rotting.


Message History

The orc priest looks braver for a moment.
The hobgoblin barely misses you.
You closely miss the orc priest. The orc barely misses you.
The orc priest hits you but does no damage.
The hobgoblin misses you.
You hit the orc priest. You burn the orc priest.
The orc priest is heavily wounded.
The orc closely misses you.
You hit the orc priest. You burn the orc priest.
The orc priest is severely wounded.
The hobgoblin hits you but does no damage.
The orc priest hits you but does no damage.
You hit the orc priest. You burn the orc priest.
The orc priest is almost dead.
The orc hits you with a club.
* * * LOW HITPOINT WARNING * * *
The hobgoblin hits you.
* * * LOW HITPOINT WARNING * * *
The orc priest hits you with a club.
You die...

(...'....(.....##.....##
....####....##.#.......#
...## ##...##o#.......#
..## #.####....._.....
.## #.# #.#.......#. ##
#.# #o#.......# ######
#. #.##.....## ))...#
#.####.#### .###.#
#.)@g...... .###.#
##oo###..## ..##.# #....
## ..##.####.# ######
..........# .....######
###### # #


You could see an orc priest, an orc and a hobgoblin.

Vanquished Creatures
  An orc priest (D:3)
  An orc wizard (D:3)
  Ijyb (D:3)
  2 adders
  2 worms
  A dart slug (D:2)
  9 orcs (D:3)
  4 bats
  3 giant cockroaches (D:1)
  10 hobgoblins
  4 jackals (D:1)
  2 quokkas (D:2)
  3 ball pythons
  3 frilled lizards
  9 goblins
  9 kobolds
  3 rats
67 creatures vanquished.

Notes
Turn   | Place    | Note
-------+----------+-------------------------------------------
     0 | D:1      | relicbr the Demonspawn Gladiator began the quest for the Orb.
     0 | D:1      | Reached XP level 1. HP: 16/16 MP: 1/1
    57 | D:1      | Reached skill level 3 in Maces & Flails
   200 | D:1      | Gained mutation: You have sharp fingernails. [demonic ancestry]
   200 | D:1      | Reached XP level 2. HP: 22/22 MP: 2/2
   666 | D:1      | Reached XP level 3. HP: 27/27 MP: 3/3
  1043 | D:2      | Reached skill level 4 in Maces & Flails
  1881 | D:3      | Gained mutation: You are partially covered in thin metallic scales. (AC +2) [demonic ancestry]
  1881 | D:3      | Reached XP level 4. HP: 18/33 MP: 4/4
  2309 | D:3      | Noticed Ijyb
  2343 | D:3      | Killed Ijyb
  2343 | D:3      | Reached skill level 5 in Maces & Flails
  3008 | D:3      | Found a bloodstained altar of Trog.
  3050 | D:3      | Found an ancient bone altar of Kikubaaqudgha.
  3094 | D:3      | Became a worshipper of Trog the Wrathful
  3199 | D:3      | Found a shattered altar of Ashenzari.
  3218 | D:3      | Found a glowing silver altar of Zin.
  3226 | D:3      | Gained mutation: You are immune to rotting. [demonic ancestry]
  3226 | D:3      | Reached XP level 5. HP: 26/38 MP: 5/5
  3257 | D:3      | HP: 1/38 [hobgoblin (3)]
  3257 | D:3      | Slain by an orc priest

Vault maps used:
D:1:      elethiomel_arrival_shortcut
D:3:      old_standard_altar, overflow_temple_1_default,
          nicolae_overflow_hidden_temple, lightli_temple_of_fire, uniq_iyjb

Skill      XL: |  1  2  3  4 |
---------------+-------------+-----
Maces & Flails | 3 4 5 |  5.6
Fighting       | |  2.0
Throwing       | |  1.7
Dodging        | |  2.6

Action                   |  1- 3 |  4- 6 || total
-------------------------+-------+-------++-------
Melee: Mace              |   101 |       ||   101
       Flail             |    48 |    54 ||   102
       Whip              |       |    57 ||    57
Throw: Javelin           |     7 |       ||     7
  Use: Scroll            |       |     2 ||     2
  Eat: Chunk             |     2 |     5 ||     7
Armor: Leather armour    |    18 |       ||    18
       Ring mail         |    54 |    39 ||    93
Dodge: Dodged            |   104 |    51 ||   155
